 Dungeon Crawl Stone Soup version 0.27.0-1-g7a089689b8 (webtiles) character file.

Game seed: 6409980459475213144

69 pkoi the Insei (level 4, -6/28 HPs)
             Began as an Octopode Transmuter on Aug 11, 2021.
             Mangled by a phantom (8 damage)
             ... on level 2 of the Dungeon.
             The game lasted 00:04:23 (2864 turns).

pkoi the Insei (Octopode Transmuter)                Turns: 2864, Time: 00:04:24

Health: -6/28      AC:  1    Str: 10    XL:     4   Next: 20%
Magic:  0/7        EV: 13    Int: 21    God:
Gold:   55         SH:  0    Dex: 12    Spells: 1/7 levels left

rFire    . . .     SeeInvis .     - Unarmed
rCold    . . .     Faith    .   (no shield)
rNeg     . . .     Spirit   +   (helmet currently unavailable)
rPois    .         Reflect  .   d - amulet of guardian spirit
rElec    .         Harm     .   c - +6 ring of intelligence
rCorr    .         Rampage  .   (no ring)
Will     .....                  (no ring)
Stlth    ++........             (no ring)
HPRegen  0.09/turn              (no ring)
MPRegen  0.10/turn              (no ring)
                                (no ring)
                                (no ring)

@: appendages (expiring)
A: tentacle spike 3, almost no armour, amphibious, 8 rings, camouflage 1,
gelatinous body 1, (nimble swimmer 1), tentacles
a: End Transformation


You were on level 2 of the Dungeon.
One of your tentacles had grown a beastly spike.
You visited 1 branch of the dungeon, and saw 3 of its levels.

You collected 55 gold pieces.

Inventory:

Missiles
 e - 22 stones (quivered)
Jewellery
 c - a +6 ring of intelligence (left tentacle)
 d - an amulet of guardian spirit (around mantle)
 h - a +6 ring of intelligence
Scrolls
 b - 2 scrolls of identify {unknown}
 f - a scroll of fear {unknown}
 i - a scroll of summoning {unknown}
 j - a scroll of noise {unknown}
 l - a scroll of amnesia {unknown}
Potions
 a - 2 potions of flight {unknown}
 g - a potion of lignification {unknown}
 k - a potion of curing {unknown}


   Skills:
 - Level 1.0 Fighting
 - Level 2.0 Dodging
 + Level 4.1 Unarmed Combat
 - Level 2.0 Spellcasting
 + Level 2.8 Transmutations
 + Level 1.4 Poison Magic


You had one spell level left.
You knew the following spells:

 Your Spells              Type           Power      Damage    Failure   Level
a - Beastly Appendage     Tmut           28%        N/A       4%          1
b - Wereblood             Tmut           14%        N/A       7%          2
c - Spider Form           Tmut/Pois      5%         N/A       19%         3

Your spell library contained the following spells:

 Spells                   Type           Power      Damage    Failure   Level
 Pain                     Necr           8%         1d4       14%         1
 Slow                     Hex            2%         N/A       22%         2
 Static Discharge         Conj/Air       2%         N/A       22%         2
 Confusing Touch          Hex            2%         N/A       41%         3
 Vampiric Draining        Necr           1%         2d6       41%         3
 Ice Form                 Ice/Tmut       8%         N/A       63%         4
 Agony                    Necr           2%         N/A       99%         5
 Excruciating Wounds      Necr           1%         N/A       99%         5
 Lightning Bolt           Conj/Air       1%         1d12      99%         5
 Maxwell's Capacitive Co  Air            1%         ∞         100%        8


Dungeon Overview and Level Annotations

Branches:
Dungeon (3/15)

Altars:


Innate Abilities, Weirdness & Mutations

One of your tentacles has grown a beastly spike.
You cannot wear most types of armour.
You are amphibious.
You can wear up to eight rings at the same time.
Your skin changes colour to match your surroundings (Stealth+).
Your rubbery body absorbs attacks. (AC +1, EV +1)
((You are camouflaged near water. (Stealth+)))
You have tentacles for arms and can constrict up to eight enemies at once.


Message History

There are monsters nearby!
There are monsters nearby!
There are monsters nearby!
The phantom barely misses you.
You climb upwards.
There is a stone staircase leading down here.
Casting: Beastly Appendage (safe; 4% risk of failure)
Confirm with . or Enter, or press ? or * to list all spells.
One of your tentacles grows a vicious spike.
The phantom misses you.
You tentacle-slap the phantom.
You squeeze the phantom, but do no damage.
The phantom is lightly damaged.
You miss the phantom. Your squeeze misses the phantom.
The phantom is lightly damaged.
The phantom misses you.
You tentacle-slap the phantom.
The phantom is moderately damaged.
The phantom hits you!
You tentacle-slap the phantom.
The phantom is heavily damaged.
The phantom hits you.
You tentacle-slap the phantom. Your squeeze misses the phantom.
The phantom is heavily damaged.
The phantom misses you.
You closely miss the phantom.
The phantom is heavily damaged.
The phantom hits you!
You closely miss the phantom.
The phantom is heavily damaged.
The phantom hits you.
The phantom blinks!
You blink.
You tentacle-slap the phantom but do no damage.
The phantom is heavily damaged.
The phantom hits you!
* * * LOW HITPOINT WARNING * * *
The phantom blinks!
You blink.
There is a stone staircase leading up here.
Your transformation is almost over.
The phantom hits you!
You die...

....# #............#
....# #.♣♣P.♣♣♣PP♣##
#####
######.♣♣♣♣♣♣♣♣♣♣
######......#..##.#
####......######.###.#
.....###### #..# #.#
.##### #>####.# .##
###.###..#
..###########..W@...##
...#............#####
#..............##
##....######...#
##.......#.....##
...#####...###..#
...###....##
##.#########
##..##....#
#.)#......#
###.......##
##........#


You could see a phantom.

Vanquished Creatures
  2 adders (D:2)
  3 dart slugs
  2 ball pythons
  3 bats
  8 endoplasms
  2 giant cockroaches
  3 goblins (D:2)
  A hobgoblin (D:2)
  4 jackals (D:1)
  2 quokkas
  4 frilled lizards
  3 kobolds (D:1)
  4 rats
41 creatures vanquished.

Vanquished Creatures (others)
  A plant (D:2)
1 creature vanquished.

Grand Total: 42 creatures vanquished

Notes
Turn   | Place    | Note
-------+----------+-------------------------------------------
     0 | D:1      | pkoi the Octopode Transmuter began the quest for the Orb.
     0 | D:1      | Reached XP level 1. HP: 13/13 MP: 3/3
   324 | D:1      | Reached XP level 2. HP: 10/18 MP: 3/5
   495 | D:1      | Learned a level 2 spell: Wereblood
  1156 | D:1      | Reached XP level 3. HP: 21/23 MP: 4/6
  1160 | D:1      | Learned a level 3 spell: Spider Form
  1407 | D:2      | Reached skill level 4 in Unarmed Combat
  1625 | D:2      | Reached skill level 1 in Poison Magic
  2198 | D:2      | Reached XP level 4. HP: 22/28 MP: 4/7
  2374 | D:2      | Found a faded altar of an unknown god.
  2846 | D:3      | Noticed a phantom
  2859 | D:2      | HP: 1/28 [phantom (8)]
  2864 | D:2      | Mangled by a phantom

Illustrated notes

Levels and vault maps discovered:
D:1:      pf_arrival_petrified_forest, layout_rooms, minmay_misc_feat_hallway,
          nrook_mini_backslash, minmay_tripent
D:2:      layout_rooms, serial_forest, infiniplex_forest_straight_5,
          infiniplex_forest_clump_double, infiniplex_forest_side_room,
          infiniplex_forest_corner_1, infiniplex_forest_clump_small,
          infiniplex_forest_clump_cross,
          hellmonk_ecumenical_altar_leap_of_faith, solitary_fountain
D:3:      kennysheep_goblin_castle, layout_rooms, minitemple,
          lemuel_round_altar, serial_shops, nicolae_lakefront_shop, shop,
          nicolae_square_shop, shop, shop_scrolls, serial_curves,
          eino_curves_02, eino_curves_01

Skill      XL: |  1  2  3 |
---------------+----------+-----
Unarmed Combat | 4 |  4.1
Poison Magic   | 1 |  1.4
Fighting       | |  1.0
Dodging        | |  2.0
Spellcasting   | |  2.0
Transmutations | |  2.8

Action                   |  1- 3 |  4- 6 || total
-------------------------+-------+-------++-------
Melee: Unarmed           |    72 |    25 ||    97
       Constrict         |    14 |     3 ||    17
       Kick              |     9 |     1 ||    10
       Tentacles         |     6 |     4 ||    10
       Punch             |     2 |     2 ||     4
Throw: Stone             |     3 |     1 ||     4
 Cast: Beastly Appendage |     9 |     2 ||    11
 Stab: Sleeping          |     2 |     1 ||     3
Armor: Skin              |     4 |     1 ||     5
Dodge: Dodged            |    39 |    15 ||    54
